 Dungeon Crawl Stone Soup version 0.31-a0-210-gccc998df9b (webtiles) character file.

Game seed: 6065519842940895988

1451 qw the Cleaver (level 8, -1/49 HPs)
             Began as a Gargoyle Fighter on June 29, 2023.
             Slain by a black bear (2 damage)
             ... on level 6 of the Dungeon.
             The game lasted 00:02:19 (3897 turns).

qw the Cleaver (Gargoyle Fighter)                   Turns: 3897, Time: 00:02:20

Health: -1/49      AC: 21    Str: 23    XL:     8   Next: 75%
Magic:  8/8        EV:  8    Int:  8    God:
Gold:   287        SH:  5    Dex: 14    Spells: 7/7 levels left

rFire   + . .        Y - +0 war axe
rCold   . . .        c - +0 buckler
rNeg    + . .        j - +0 chain mail
rPois   inf          k - +0 helmet
rElec   +            b - +0 cloak of Wapuegeh {rElec rF+ Dex+5}
rCorr   .            (no gloves)
SInv    .            (no boots)
Will    .....        e - amulet of regeneration Stlth
                     m - +4 ring of protection
HPRegen 1.08/turn    (no ring)
MPRegen 0.11/turn

%: no passive effects
@: about to teleport
A: sickness immunity, AC +5, negative energy resistance 1, electricity
resistance, torment resistance 1, petrification resistance
a: no special abilities


You were on level 6 of the Dungeon.
You visited 1 branch of the dungeon, and saw 6 of its levels.

You collected 287 gold pieces.


Innate Abilities, Weirdness & Mutations

You are immune to sickness and miasma.
Your stone body is resilient. (AC +5)
You are immune to poison.
You resist negative energy. (rN+)
You are resistant to electric shocks. (rElec)
You are resistant to unholy torment.
You are immune to petrification.


   Skills:
 - Level 5.1 Fighting
 - Level 8.8 Axes
 - Level 1.5 Throwing
 + Level 3.2 Armour
 - Level 1.6 Dodging
 - Level 3.2 Shields


You had 7 spell levels left.
You didn't know any spells.
Your spell library was empty.

Inventory:

Hand Weapons
 h - a +0 flail
 Y - a +0 war axe (weapon)
Missiles
 g - 8 boomerangs (quivered)
Armour
 b - the +0 cloak of Wapuegeh (worn) {rElec rF+ Dex+5}
   (You acquired it on level 5 of the Dungeon)

   Dex:       It affects your dexterity (+5).
   rF:        It protects you from fire.
   rElec:     It insulates you from electricity.
 c - a +0 buckler (worn)
 j - a +0 chain mail (worn)
 k - a +0 helmet (worn)
Jewellery
 e - an amulet of regeneration (around neck)
 m - a +4 ring of protection (left hand)
Scrolls
 o - a scroll of identify
Potions
 a - a potion of enlightenment
 d - 2 potions of might
 f - a potion of curing {unknown}
 i - a potion of magic
 l - a potion of haste {unknown}

Dungeon Overview and Level Annotations

Branches:
Dungeon (6/15)
 Temple: D:4-7

Altars:
Xom

Annotations:
D:2 1 runed translucent door, Crazy Yiuf


Message History

The vampire mosquito bites you. The ice beast hits you.
The ice beast freezes you!
You barely miss the hound.
The hound is severely wounded.
You closely miss the vampire mosquito. You hit the ice beast but do no damage.
You miss the water moccasin. The vampire mosquito barely misses you.
You block the hound's attack. The water moccasin barely misses you.
The ice beast hits you. The ice beast freezes you.
The vampire mosquito bites you but does no damage.
The hound barely misses you.
You barely miss the hound.
The hound is severely wounded.
You hit the ice beast but do no damage. You hit the water moccasin.
You miss the vampire mosquito.
The vampire mosquito bites you but does no damage.
The water moccasin bites you but does no damage.
The hound closely misses you.
The vampire mosquito bites you but does no damage.
The ice beast hits you. The ice beast freezes you!
You block the water moccasin's attack. The hound bites you but does no damage.
3896 ||| READING scroll of teleportation.
As you read the scroll of teleportation, it crumbles to dust.
You feel strangely unstable.
The vampire mosquito bites you but does no damage.
The water moccasin barely misses you.
The ice beast hits you but does no damage.
The vampire mosquito bites you. The hound barely misses you.
You slash the hound!
You kill the hound!
You hit the ice beast. You closely miss the water moccasin.
You hit the vampire mosquito but do no damage.
The vampire mosquito barely misses you. You block the water moccasin's attack.
The vampire mosquito bites you but does no damage.
The ice beast closely misses you. The water moccasin bites you.
The vampire mosquito bites you but does no damage.
You block the ice beast's attack.
The black bear bites you but does no damage.
The black bear claws you.
You die...

...#. .$.
.....#.#....#
...... ...# ###$#
###....######
##.... .. [# .....
... W) #...# ##
#...##########
?..#.............
#...s..#.........
#.###yhS.........
#....Y@#.........
....#!..##........
## #...##........
#.............
.....#........
.....##........
................
......###........


You could see a water moccasin, a black bear, a vampire mosquito, an ice beast
and a scorpion.

Vanquished Creatures
  A two-headed ogre (D:6)
  An ogre (D:5)
  A phantom (D:6)
  2 scorpions (D:5)
  A howler monkey (D:4)
  A hound (D:6)
  2 jellies
  2 orc priests (D:5)
  Jessica (D:3)
  2 iguanas (D:5)
  3 orc wizards (D:5)
  Robin (D:3)
  4 gnolls (D:5)
  7 adders
  A white imp (D:5)
  A worm (D:3)
  2 dart slugs
  10 orcs
  4 endoplasms
  A giant cockroach (D:2)
  14 goblins
  10 hobgoblins
  9 jackals
  3 quokkas
  4 ball pythons
  4 bats
  4 frilled lizards
  5 kobolds
  7 rats
108 creatures vanquished.

Vanquished Creatures (others)
  5 dream sheep (D:3)
5 creatures vanquished.

Grand Total: 113 creatures vanquished

Notes
Turn   | Place    | Note
-------+----------+-------------------------------------------
     0 | D:1      | qw the Gargoyle Fighter began the quest for the Orb.
     0 | D:1      | Reached XP level 1. HP: 14/14 MP: 1/1
     0 | D:1      | 0 ||| qw: Version: 0.3-a-24-ga2abf7b
     0 | D:1      | 0 ||| qw: Game counter: 6811
     0 | D:1      | 0 ||| qw: Melee chars always use a shield: true
     0 | D:1      | 0 ||| qw: God list: Okawaru
     0 | D:1      | 0 ||| qw: Allow faded altars: false
     0 | D:1      | 0 ||| qw: Do Orc after clearing Dungeon:15 true
     0 | D:1      | 0 ||| qw: Do second Lair branch before Depths: true
     0 | D:1      | 0 ||| qw: Lair rune preference: random
     0 | D:1      | 0 ||| qw: Goals: Normal, Zot:1-4, Slime:5, God:TSO, Crypt,
                  | Tomb, Abyss, Pan, Hells, Win
     0 | D:1      | 0 ||| PLANNING D:1-11
    25 | D:1      | Reached skill level 2 in Axes
    43 | D:1      | 43 ||| Stepping ~*~*~tactically~*~*~ (stealth).
    50 | D:1      | 50 ||| Stepping ~*~*~tactically~*~*~ (stealth).
    56 | D:1      | Reached XP level 2. HP: 18/19 MP: 2/2
    61 | D:1      | 61 ||| Stepping ~*~*~tactically~*~*~ (stealth).
    62 | D:1      | 62 ||| Stepping ~*~*~tactically~*~*~ (stealth).
    63 | D:1      | 63 ||| Stepping ~*~*~tactically~*~*~ (stealth).
    64 | D:1      | 64 ||| Stepping ~*~*~tactically~*~*~ (stealth).
    65 | D:1      | 65 ||| Stepping ~*~*~tactically~*~*~ (stealth).
    71 | D:1      | 71 ||| Stepping ~*~*~tactically~*~*~ (stealth).
   115 | D:1      | 115 ||| Stepping ~*~*~tactically~*~*~ (stealth).
   134 | D:1      | Reached skill level 3 in Axes
   207 | D:1      | Reached XP level 3. HP: 23/23 MP: 3/3
   258 | D:1      | Found a faded altar of an unknown god.
   472 | D:1      | 472 ||| UPGRADING to amulet of regeneration.
   677 | D:2      | 677 ||| DROPPING +0 club.
   782 | D:2      | Reached XP level 4. HP: 28/28 MP: 4/4
   804 | D:2      | 804 ||| Stepping ~*~*~tactically~*~*~ (stealth).
   821 | D:2      | Found a runed translucent door.
   822 | D:2      | Noticed Crazy Yiuf
   965 | D:2      | 965 ||| Stepping ~*~*~tactically~*~*~ (stealth).
  1018 | D:2      | Reached skill level 4 in Axes
  1393 | D:2      | 1393 ||| UPGRADING to +4 ring of protection.
  1394 | D:2      | 1394 ||| READING scroll labelled VIRITZAR GABB.
  1395 | D:2      | 1395 ||| READING scroll labelled ZURANI POELLY.
  1396 | D:2      | 1396 ||| READING scroll labelled DUEL HAHINT.
  1454 | D:2      | 1454 ||| DRINKING 2 orange potions.
  1455 | D:2      | 1455 ||| DROPPING potion of invisibility.
  1605 | D:3      | Noticed Jessica
  1607 | D:3      | Killed Jessica
  1637 | D:3      | Reached XP level 5. HP: 32/32 MP: 5/5
  1644 | D:3      | 1644 ||| Stepping ~*~*~tactically~*~*~ (hiding).
  1665 | D:3      | Noticed Robin
  1682 | D:3      | Killed Robin
  1686 | D:3      | 1686 ||| DROPPING +0 whip.
  1763 | D:3      | Noticed a dream sheep
  1763 | D:3      | Noticed a dream sheep
  1763 | D:3      | Noticed a dream sheep
  1763 | D:3      | Noticed a dream sheep
  1763 | D:3      | Noticed a dream sheep
  1763 | D:3      | Found a shimmering altar of Xom.
  1765 | D:3      | Killed a dream sheep
  1765 | D:3      | Killed a dream sheep
  1765 | D:3      | Killed a dream sheep
  1765 | D:3      | Killed a dream sheep
  1766 | D:3      | Reached skill level 5 in Axes
  1766 | D:3      | Killed a dream sheep
  1767 | D:3      | Reached XP level 6. HP: 38/38 MP: 6/6
  1886 | D:3      | 1886 ||| UPGRADING to +0 helmet.
  1891 | D:3      | 1891 ||| DROPPING ring of flight.
  1892 | D:3      | 1892 ||| READING scroll labelled XUOKIDIBOH.
  1893 | D:3      | 1893 ||| READING scroll labelled IHIBLIRUES.
  1894 | D:3      | 1894 ||| READING scroll labelled WOJECVE YT GOI.
  1901 | D:3      | 1901 ||| DRINKING 2 fizzy inky potions.
  1964 | D:4      | 1964 ||| Stepping ~*~*~tactically~*~*~ (stealth).
  1993 | D:4      | 1993 ||| Stepping ~*~*~tactically~*~*~ (stealth).
  2505 | D:4      | 2505 ||| UPGRADING to +0 chain mail.
  2515 | D:4      | 2515 ||| DROPPING +0 scale mail.
  2516 | D:4      | 2516 ||| READING scroll labelled OMPAUSYUWO.
  2517 | D:4      | 2517 ||| DRINKING 2 smoky dark potions.
  2531 | D:5      | Entered Level 5 of the Dungeon
  2534 | D:5      | 2534 ||| STAIRDANCE
  2705 | D:5      | 2705 ||| Stepping ~*~*~tactically~*~*~ (stealth).
  2738 | D:5      | Reached skill level 6 in Axes
  2738 | D:5      | Reached XP level 7. HP: 31/44 MP: 7/7
  2761 | D:5      | Reached skill level 1 in Dodging
  2848 | D:5      | 2848 ||| Stepping ~*~*~tactically~*~*~ (hiding).
  2967 | D:5      | 2967 ||| Stepping ~*~*~tactically~*~*~ (hiding).
  2984 | D:5      | 2984 ||| DROPPING +0 mace.
  3049 | D:5      | 3049 ||| Stepping ~*~*~tactically~*~*~ (hiding).
  3050 | D:5      | 3050 ||| Stepping ~*~*~tactically~*~*~ (hiding).
  3052 | D:5      | 3052 ||| Stepping ~*~*~tactically~*~*~ (hiding).
  3053 | D:5      | 3053 ||| Stepping ~*~*~tactically~*~*~ (hiding).
  3055 | D:5      | 3055 ||| Stepping ~*~*~tactically~*~*~ (hiding).
  3167 | D:5      | 3167 ||| Stepping ~*~*~tactically~*~*~ (hiding).
  3168 | D:5      | 3168 ||| Stepping ~*~*~tactically~*~*~ (hiding).
  3170 | D:5      | 3170 ||| Stepping ~*~*~tactically~*~*~ (hiding).
  3171 | D:5      | 3171 ||| Stepping ~*~*~tactically~*~*~ (hiding).
  3174 | D:5      | 3174 ||| Stepping ~*~*~tactically~*~*~ (hiding).
  3392 | D:5      | 3392 ||| Stepping ~*~*~tactically~*~*~ (hiding).
  3397 | D:5      | 3397 ||| Stepping ~*~*~tactically~*~*~ (hiding).
  3400 | D:5      | 3400 ||| Stepping ~*~*~tactically~*~*~ (hiding).
  3424 | D:5      | 3424 ||| READING scroll labelled KAAVEUM ZYUWNI.
  3424 | D:5      | Identified a scroll of acquirement
  3424 | D:5      | 3424 ||| ACQUIRING +0 cloak of Wapuegeh {rElec rF+ Dex+5}
  3424 | D:5      | Acquired the +0 cloak of Wapuegeh {rElec rF+ Dex+5}
  3436 | D:5      | 3436 ||| UPGRADING to +0 cloak of Wapuegeh {rElec rF+
                  | Dex+5}.
  3606 | D:5      | Reached skill level 7 in Axes
  3768 | D:5      | 3768 ||| READING 2 scrolls of identify.
  3768 | D:5      | 3768 ||| IDENTIFYING brown potion
  3850 | D:6      | Noticed a two-headed ogre
  3852 | D:6      | 3852 ||| Stepping ~*~*~tactically~*~*~ (stealth).
  3861 | D:6      | Reached skill level 1 in Throwing
  3861 | D:6      | Reached XP level 8. HP: 25/49 MP: 8/8
  3863 | D:6      | HP: 12/49 [two-headed ogre/+0 dire flail (17)]
  3864 | D:6      | 3864 ||| READING 2 scrolls of teleportation.
  3864 | D:6      | HP: 4/49 [two-headed ogre/+0 dire flail (9)]
  3865 | D:6      | 3865 ||| DRINKING potion of heal wounds.
  3866 | D:6      | Killed a two-headed ogre
  3867 | D:6      | Reached skill level 8 in Axes
  3887 | D:6      | 3887 ||| Stepping ~*~*~tactically~*~*~ (stealth).
  3895 | D:6      | HP: 6/49 [ice beast (9)]
  3896 | D:6      | 3896 ||| READING scroll of teleportation.
  3896 | D:6      | HP: 2/49 [vampire mosquito (6)]
  3897 | D:6      | Slain by a black bear

Levels and vault maps discovered:
D:1:      sevenhm_arrival_forest_fort_small_4, layout_rooms,
          hellmonk_ecumenical_altar_arch_garden, minmay_strange_pillars,
          minmay_tetromino_o4
D:2:      layout_basic, hangedman_decor_points, uniq_crazy_yiuf_cottage
D:3:      layout_basic, kb_xom_exploding_sheep, uniq_jessica, uniq_robin
D:4:      layout_loops_cross
D:5:      layout_basic
D:6:      hangedman_cross_stitches, layout_basic, supply_closet_lemuel,
          minmay_ruffians

Skill      XL: |  1  2  3  4  5  6  7  8 |
---------------+-------------------------+-----
Axes           | 2 3 4 5 6 7 8 |  8.8
Fighting       | 4 5 |  5.1
Dodging        | 1 |  1.6
Throwing       | 1 |  1.5
Armour         | |  3.2
Shields        | |  3.2

Action                     |  1- 3 |  4- 6 |  7- 9 || total
---------------------------+-------+-------+-------++-------
  Melee: War axe           |    76 |   128 |   111 ||   315
  Throw: Boomerang         |       |    63 |    46 ||   109
    Use: Scroll            |       |     7 |     4 ||    11
         Potion            |       |     3 |     1 ||     4
 Armour: Scale mail        |    39 |    55 |       ||    94
         Chain mail        |       |    20 |    89 ||   109
  Dodge: Dodged            |    25 |    46 |    36 ||   107
  Block: Buckler           |    10 |    29 |    24 ||    63

Table legend:
 A = Non-vault XP
 B = Vault XP
 C = Vault XP percentage of total XP
 D = Non-vault monster count
 E = Vault monster count
 F = Vault count percentage of total count
                 A         B        C        D         E       F
            +---------+---------+-------+---------+---------+-------
      Total |    1081 |    1035 |  48.9 |      90 |      20 |  18.2
            +---------+---------+-------+---------+---------+-------
        D:1 |      31 |       6 |  16.2 |      18 |       4 |  18.2
        D:2 |      65 |       0 |   0.0 |      21 |       0 |   0.0
        D:3 |     154 |      70 |  31.2 |      10 |      12 |  54.5
        D:4 |     125 |       0 |   0.0 |      13 |       0 |   0.0
        D:5 |     664 |       0 |   0.0 |      27 |       0 |   0.0
        D:6 |      42 |     959 |  95.8 |       1 |       4 |  80.0
            +---------+---------+-------+---------+---------+-------
